 Dungeon Crawl Stone Soup version 0.22-a0-443-g17c3723 (webtiles) character file.

150341 Ijustatesigmund the Warrior (level 17, -9/192 HPs)
             Began as an Ogre Gladiator on May 31, 2018.
             Was the Champion of the Shining One.
             Killed by the raging water
             ... invoked by a water nymph
              (39 damage)
             ... on level 3 of the Shoals on June 1, 2018.
             The game lasted 01:31:26 (28370 turns).

Ijustatesigmund the Warrior (Ogre Gladiator)       Turns: 28370, Time: 01:31:30

Health: -9/192     AC: 10    Str: 31    XL:     17   Next: 53%
Magic:  18/27      EV: 21    Int:  7    God:    the Shining One [******]
Gold:   1467       SH: 32    Dex: 15    Spells: 24/26 levels left

rFire    . . .     SeeInvis .   d - +9 morningstar (holy)
rCold    . . .     Gourm    .   j - +7 large shield "Yczah" {Str+6}
rNeg     + + +     Faith    .   b - +4 troll leather armour
rPois    .         Spirit   .   J - +0 hat of Hix Zorche {Regen+ Str+3 Int-4}
rElec    .         Reflect  .   (no cloak)
rCorr    .         Harm     .   (gloves unavailable)
MR       +....                  (boots unavailable)
Stlth    +.........             s - amulet of rage
HPRegen  1.62/turn              e - +5 ring of evasion
MPRegen  0.20/turn              c - +4 ring of evasion

@: glowing, very slow
A: large, unfitting armour, large bone plates 1, blurry vision 1, clever 1,
regeneration 1, tough skin 1
a: Divine Shield, Cleansing Flame, Summon Divine Warrior, Brand Weapon With Holy
Wrath, Renounce Religion, Evoke Berserk Rage


You were on level 3 of the Shoals.
You worshipped the Shining One.
The Shining One was exalted by your worship.
You were very hungry.

You visited 5 branches of the dungeon, and saw 27 of its levels.
You also visited: Labyrinth, Sewer and Ice Cave.

You collected 3703 gold pieces.
You spent 2236 gold pieces at shops.

Inventory:

Hand Weapons
 d - a +9 morningstar of holy wrath (weapon)
 C - a +0 giant spiked club
Missiles
 E - 98 large rocks (quivered)
 W - 2 throwing nets
Armour
 b - a +4 troll leather armour (worn)
 j - the +7 large shield "Yczah" (worn) {Str+6}
   (You found it on level 1 of the Orcish Mines)

   It affects your strength (+6).
 B - a +2 hat
 H - the +2 shield of Resistance {rF+ rC+ MR+}
   (You found it on level 15 of the Dungeon)

   It protects you from fire.
   It protects you from cold.
   It affects your resistance to hostile enchantments.
 J - the +0 hat of Hix Zorche (worn) {Regen+ Str+3 Int-4}
   (You acquired it on level 10 of the Dungeon)

   It affects your strength (+3).
   It affects your intelligence (-4).
   It increases your rate of regeneration.
Jewellery
 c - a +4 ring of evasion (right hand)
 e - a +5 ring of evasion (left hand)
 h - an uncursed ring of protection from cold
 q - an uncursed ring of magical power {unknown}
 s - an amulet of rage (around neck)
 y - an uncursed ring of resist corrosion
 z - an uncursed ring of protection from magic
 A - an uncursed amulet of magic regeneration
 N - the ring "Juekemio" {Int+5 Stlth-}
   (You found it on level 5 of the Lair of Beasts)

   [ring of loudness]

   It affects your intelligence (+5).
   It makes you less stealthy.
 Q - the ring of Hepliaklqana's Anger {Int+2 Dex+3}
   (You found it on level 1 of the Lair of Beasts)

   [ring of dexterity]

   It affects your intelligence (+2).
   It affects your dexterity (+3).
 R - a +5 ring of protection
 Y - a +4 ring of intelligence {unknown}
Wands
 a - a wand of scattershot (7)
 u - a wand of flame (47)
 G - a wand of disintegration (25)
 K - a wand of iceblast (49)
 M - a wand of acid (31)
 V - a wand of digging (7)
 X - a wand of enslavement (9)
Scrolls
 l - 6 scrolls of amnesia
 m - 2 scrolls of immolation
 n - 2 scrolls of magic mapping
 p - 6 scrolls of fog
 v - 10 scrolls of teleportation
 w - 17 scrolls of identify
 x - 7 scrolls of remove curse
 D - 5 scrolls of blinking
 I - 6 scrolls of fear
 L - a scroll of holy word
 P - 2 scrolls of enchant armour
Potions
 g - 5 potions of heal wounds
 i - a potion of brilliance
 k - 5 potions of might
 o - a potion of curing
 r - 3 potions of magic
 t - 4 potions of lignification
 F - 3 potions of haste
 S - a potion of resistance
 T - 4 potions of agility
Miscellaneous
 O - a phantom mirror
Comestibles
 f - 31 rations


   Skills:
 + Level 17.4 Fighting
 + Level 13.2 Maces & Flails
 + Level 10.0 Throwing
 - Level 5.8 Armour
 - Level 5.6 Dodging
 - Level 12.2 Shields
 - Level 5.1 Spellcasting
 - Level 4.2 Translocations
 + Level 13.6 Invocations
 - Level 5.3 Evocations


You had 24 spell levels left.
You knew the following spells:

 Your Spells              Type           Power        Failure   Level  Hunger
a - Blink                 Tloc           N/A          16%         2    ###....

Your spell library contained the following spells:

 Spells                   Type           Power        Failure   Level  Hunger
 Magic Dart               Conj           #...         50%         1    #......
 Lightning Bolt           Conj/Air       #.........   100%        5    ######.
 Teleport Other           Tloc           #.......     30%         3    ###....
 Summon Small Mammal      Summ           #...         50%         1    #......
 Iskenderun's Mystic Bla  Conj           #.......     99%         4    #####..
 Animate Dead             Necr           N/A          99%         4    #####..
 Summon Ice Beast         Ice/Summ       #.......     99%         4    #####..
 Call Imp                 Summ           #.......     63%         2    ###....
 Recall                   Summ/Tloc      N/A          56%         3    ###....
 Death Channel            Necr           #.........   100%        6    #######
 Call Canine Familiar     Summ           #.......     86%         3    ###....
 Shatter                  Erth           #.........   100%        9    #######
 Static Discharge         Conj/Air       #.......     86%         3    ###....
 Simulacrum               Ice/Necr       #.........   100%        6    #######
 Passage of Golubria      Tloc           N/A          69%         4    #####..
 Tornado                  Air            #.........   100%        9    #######
 Shroud of Golubria       Chrm/Tloc      #.........   34%         2    ###....
 Fulminant Prism          Conj/Hex       #.........   99%         4    #####..
 Dazzling Spray           Conj/Hex       #.....       86%         3    ###....
 Force Lance              Conj/Tloc      #.......     93%         4    #####..
 Searing Ray              Conj           #.....       63%         2    ###....
 Summon Lightning Spire   Summ/Air       #.......     99%         4    #####..
 Summon Guardian Golem    Hex/Summ       #.......     86%         3    ###....
 Gell's Gravitas          Tloc           #.........   30%         3    ###....
 Lesser Beckoning         Tloc           #.........   30%         3    ###....
 Ignition                 Fire           #.........   100%        8    #######
 Borgnjor's Vile Clutch   Necr/Erth      #.........   100%        5    ######.


Dungeon Overview and Level Annotations

Branches:
Dungeon (15/15)            Temple (1/1) D:5            Lair (6/6) D:9
 Shoals (3/4) Lair:4        Snake (0/4) Lair:2        Slime (0/5) Lair:6
    Orc (2/2) D:12            Elf (0/3) Orc:2        Vaults (0/5) D:13
 Depths (0/5) D:15

Altars:
Ashenzari
Cheibriados
Dithmenos
Elyvilon
Fedhas
Gozag
Hepliaklqana
Kikubaaqudgha
Makhleb
Nemelex Xobeh
Okawaru
Qazlal
Ru
Sif Muna
Trog
Uskayaw
Vehumet
Wu Jian
Xom
Yredelemnul
Zin
The Shining One
Beogh

Shops:
D:5 !   D:10 [   Orc:2 %[?}!


Innate Abilities, Weirdness & Mutations

You are too large for most types of armour.
You have tough skin. (AC +1)
You are partially covered in large bone plates. (SH +4)
Scrolls take you a little longer to read.
Your mind is acute. (Int +2)
Your natural rate of healing is unusually fast.


Message History

The water swirls and strikes you! The wind drake flaps its wings at you.
The air twists around and strikes you!
The wind drake exhales a fierce blast of wind!
The water nymph points at you and mumbles some strange words.
The water swirls and strikes you!
* * * LOW HITPOINT WARNING * * *
The golden flame engulfs you! You resist.
The golden flame engulfs the wind drake.
The wind drake is moderately wounded.
The golden flame engulfs the plant.
The plant is almost destroyed.
You are feeling very hungry.
You hear a shout!
The wind drake flaps its wings at you. The air twists around and strikes you!
* * * LOW HITPOINT WARNING * * *
The water nymph casts a spell at you. The water swirls and strikes you!
You die...

≈≈≈≈≈≈≈≈≈≈≈≈≈PP.P≈≈≈≈.P.PP≈≈
≈≈≈≈≈≈≈≈≈≈≈≈≈≈≈≈P≈≈P≈≈...PP.
≈≈≈≈≈≈≈≈≈≈≈≈≈≈≈≈†≈≈≈P..##P.P
≈≈≈≈≈≈≈≈≈≈≈≈≈≈≈≈≈≈P≈P.##. P≈
≈≈≈≈≈≈≈PP≈≈≈≈≈≈≈≈≈≈PP.....
≈≈≈≈≈≈≈≈≈≈≈≈≈≈≈≈≈≈####...
≈≈≈≈≈≈≈≈≈.# ...
≈≈≈≈≈≈≈≈k.##....P
≈≈≈≈≈≈≈@≈≈......
≈≈≈≈≈≈≈†P†≈...P#
≈≈≈≈≈≈≈≈≈≈≈P.PP#
≈≈≈≈≈≈≈≈≈≈m≈≈PP#
≈≈≈≈≈≈≈≈≈≈≈≈..P#
≈≈≈≈≈≈≈≈≈≈≈≈≈..P
≈≈≈≈≈≈≈≈≈≈≈≈....
≈≈≈≈≈≈≈≈≈≈≈≈≈≈?.
≈≈≈≈≈≈≈≈≈≈≈≈≈≈≈


You could see a wind drake and a water nymph.

Vanquished Creatures
  Rupert (D:13)
  Frances (D:13)
  Gastronok (D:8)
  A sphinx (D:15)
  A tengu reaver (D:15)
  A war gargoyle (D:15)
  2 stone giants
  Nessos (Lair:6)
  A minotaur (Lab)
  Josephine (D:11)
  2 merfolk impalers (Lair:4)
  An ettin (D:15)
  2 yaktaur captains (D:15)
  A deep elf high priest (D:15)
  The ghost of Saeniel the Earth Mage, a journeyman GrEE of Vehumet (D:11)
  A fire dragon (Lair:6)
  Fannar (D:11)
  3 ogre magi
  Erolcha (Orc:2)
  An ice dragon (D:15)
  2 merfolk avatars
  8 hydras
  4 centaur warriors
  A satyr (Shoals:3)
  9 two-headed ogres
  An alligator (Lair:6)
  The ghost of azzavlup the Schismatic, a novice DsAK of Lugonu (Lair:1)
  Urug (Lair:3)
  2 deep elf knights (D:15)
  4 skeletal warriors (D:15)
  The ghost of Gorglomux the Cleaver, a novice GrFi of Okawaru (D:10)
  A fire crab (Lair:6)
  5 sea snakes
  2 orange crystal statues (Orc:1)
  2 wizards
  2 unseen horrors (D:15)
  Pikel (D:5)
  5 lindwurms
  4 orc knights
  2 wolf spider zombies (D:15)
  A phantasmal warrior (D:15)
  2 wolf spiders (D:15)
  9 orc sorcerers
  6 manticores
  3 deep elf magi (D:15)
  5 fauns
  20 cyclopes
  9 ugly things
  Maurice (Orc:1)
  7 merfolk sirens
  Joseph (D:10)
  2 ice statues (IceCv)
  Psyche (D:8)
  4 gargoyles
  6 torpor snails (Lair:6)
  2 minotaur zombies (Lab)
  A water nymph (Shoals:2)
  5 spiny frogs
  3 efreet (D:15)
  6 kobold demonologists
  A yaktaur (shapeshifter) (D:13)
  11 komodo dragons
  2 freezing wraiths (D:15)
  6 rime drakes
  11 trolls
  5 wind drakes
  11 polar bears
  4 tyrant leeches (Lair:6)
  A wolf spider simulacrum (D:15)
  A queen bee (shapeshifter) (D:15)
  2 snapping turtles (Shoals:2)
  19 blink frogs
  13 merfolk
  Grinder (D:6)
  6 dream sheep
  15 hippogriffs
  10 hornets
  A raiju (Lair:6)
  7 slime creatures
  A raiju (shapeshifter) (D:11)
  Sigmund (D:4)
  3 shadows
  A centaur simulacrum (D:15)
  2 water elementals
  2 wyverns
  25 yaks
  A vampire (D:13)
  Eustachio (D:5)
  5 wraiths
  A human (D:8)
  4 basilisks
  3 hogs (D:8)
  2 humans (shapeshifter) (D:15)
  Grum (D:8)
  Edmund (D:6)
  2 steam dragons (Shoals:2)
  5 hungry ghosts
  12 vampire mosquitoes
  6 nagas
  13 wargs
  A soldier ant (D:15)
  2 acid dragons
  14 hell hounds (Lair:6)
  7 water moccasins
  6 porcupines
  16 ice beasts
  A slave (D:5)
  14 black bears
  A meliai simulacrum (D:15)
  21 orc warriors
  13 ogres
  4 eyes of draining
  4 sky beasts
  2 phantoms
  27 wolves
  12 centaurs
  8 crocodiles
  6 big kobolds
  A wyvern zombie (D:9)
  13 bullfrogs
  3 scorpions
  11 killer bees (D:10)
  A wight (D:15)
  4 howler monkeys
  7 centaur zombies
  7 crimson imps
  11 hounds
  3 jellies
  4 bullfrog skeletons
  A bullfrog zombie (D:11)
  9 centaur skeletons
  19 orc priests
  30 orc wizards
  7 iguanas
  8 worker ants
  Natasha (D:4)
  5 hell rats (Lair:4)
  A killer bee zombie (D:6)
  3 hound zombies
  2 hound skeletons
  A howler monkey zombie (D:8)
  Robin (D:4)
  19 adders
  7 shadow imps
  An adder skeleton (D:5)
  An adder zombie (D:10)
  4 worms
  6 leopard geckos
  95 orcs
  3 ball pythons (Sewer)
  6 giant cockroaches
  16 goblins
  14 hobgoblins
  16 jackals
  5 quokkas
  8 bats
  10 frilled lizards
  A giant cockroach zombie (D:5)
  33 kobolds
  4 rats
  A plant (Lair:5)
958 creatures vanquished.

Vanquished Creatures (collateral kills)
  2 orange crystal statues (Orc:1)
2 creatures vanquished.

Vanquished Creatures (others)
  An orc wizard (Orc:2)
  An orc (Orc:2)
  A quokka (D:8)
  A butterfly (D:5)
  4 fungi
  20 plants
28 creatures vanquished.

Grand Total: 988 creatures vanquished

Notes
Turn   | Place    | Note
-------+----------+-------------------------------------------
     0 | D:1      | Ijustatesigmund the Ogre Gladiator began the quest for the Orb.
     0 | D:1      | Reached XP level 1. HP: 22/22 MP: 1/1
    71 | D:1      | Reached skill level 3 in Fighting
   140 | D:1      | Reached XP level 2. HP: 31/31 MP: 2/2
   629 | D:2      | Found a snail-covered altar of Cheibriados.
   637 | D:2      | Reached XP level 3. HP: 33/37 MP: 3/3
  1352 | D:2      | Reached XP level 4. HP: 22/48 MP: 4/4
  1801 | D:2      | Reached skill level 4 in Fighting
  1802 | D:2      | Found a radiant altar of Vehumet.
  2053 | D:3      | Noticed a centaur
  2362 | D:3      | Killed a centaur
  2362 | D:3      | Reached XP level 5. HP: 26/55 MP: 5/5
  2623 | D:3      | Gained mutation: Potions are less effective at restoring your health. [potion of mutation]
  2623 | D:3      | Gained mutation: Your muscles are strong. (Str +2) [potion of mutation]
  2623 | D:3      | Gained mutation: You are resistant to hostile enchantments. (MR+) [potion of mutation]
  2641 | D:3      | Found a hazy altar of Hepliaklqana.
  2839 | D:3      | Reached skill level 5 in Maces & Flails
  2924 | D:4      | Found a glowing drain.
  2939 | Sewer    | Entered a sewer
  3039 | Sewer    | Reached skill level 5 in Fighting
  3059 | Sewer    | Reached XP level 6. HP: 61/66 MP: 6/6
  3508 | D:4      | Noticed Sigmund
  3510 | D:4      | Noticed Robin
  3751 | D:4      | Reached XP level 7. HP: 46/72 MP: 7/7
  4254 | D:3      | Reached skill level 6 in Fighting
  4423 | D:5      | Entered Level 5 of the Dungeon
  4428 | D:5      | Noticed Eustachio
  4446 | D:5      | Killed Eustachio
  4581 | D:5      | Reached XP level 8. HP: 59/84 MP: 8/8
  4782 | D:5      | Found Cyteitucad's Distillery.
  4787 | D:5      | Bought a potion of heal wounds for 60 gold pieces
  4787 | D:5      | Bought a potion of invisibility for 96 gold pieces
  4787 | D:5      | Bought a potion of curing for 36 gold pieces
  4835 | D:5      | Reached skill level 7 in Fighting
  4837 | D:5      | Lost mutation: Potions are less effective at restoring your health. [potion of mutation]
  4837 | D:5      | Lost mutation: Your muscles are strong. (Str +2) [potion of mutation]
  4837 | D:5      | Lost mutation: You are resistant to hostile enchantments. (MR+) [potion of mutation]
  4837 | D:5      | Gained mutation: Your body sometimes deteriorates upon taking damage. [potion of mutation]
  4837 | D:5      | Gained mutation: Your magical capacity is low. (-10% MP) [potion of mutation]
  4837 | D:5      | Gained mutation: You do not regenerate when monsters are visible. [potion of mutation]
  4837 | D:5      | Gained mutation: You are partially covered in molten scales. (AC +2) [potion of mutation]
  5160 | D:5      | Noticed Pikel
  5166 | D:5      | Paralysed by Pikel for 4 turns
  5369 | D:5      | Paralysed by Pikel for 7 turns
  5379 | D:5      | Paralysed by Pikel for 5 turns
  5386 | D:5      | Killed Pikel
  5386 | D:5      | Reached skill level 8 in Fighting
  5596 | D:5      | Found a staircase to the Ecumenical Temple.
  5845 | D:6      | Reached XP level 9. HP: 92/97 MP: 8/8
  6162 | D:4      | Reached skill level 9 in Fighting
  6243 | D:4      | Killed Robin
  6538 | D:4      | Noticed Natasha
  6545 | D:4      | Killed Natasha
  6565 | D:4      | Killed Sigmund
  6800 | D:6      | Found an opulent altar of Gozag.
  6800 | D:6      | Found a shadowy altar of Dithmenos.
  6807 | D:6      | Noticed Edmund
  6831 | D:6      | Killed Edmund
  7121 | D:6      | Reached skill level 1 in Evocations
  7165 | D:6      | Noticed Grinder
  7173 | D:6      | Killed Grinder
  7280 | D:6      | Found a shimmering altar of Xom.
  7280 | D:6      | Found a deep blue altar of Sif Muna.
  7281 | D:6      | Found an iron altar of Okawaru.
  7384 | Temple   | Entered the Ecumenical Temple
  7529 | Temple   | Became a worshipper of the Shining One
  7620 | D:7      | Reached skill level 1 in Invocations
  7921 | D:7      | Found a deep blue altar of Sif Muna.
  8391 | D:8      | Noticed Psyche
  8393 | D:8      | Noticed a hornet
  8405 | D:8      | Killed a hornet
  8405 | D:8      | Reached XP level 10. HP: 64/107 MP: 10/11
  8410 | D:8      | Killed Psyche
  8852 | D:8      | Noticed Grum
  8858 | D:8      | Reached skill level 5 in Evocations
  8866 | D:8      | Killed Grum
  8868 | D:8      | Reached skill level 5 in Invocations
  9455 | D:8      | Noticed Gastronok
  9479 | D:8      | Killed Gastronok
  9479 | D:8      | Reached skill level 11 in Fighting
  9479 | D:8      | Reached skill level 5 in Dodging
  9664 | D:8      | Reached XP level 11. HP: 112/120 MP: 13/13
  9893 | D:8      | Found a white marble altar of Elyvilon.
  9965 | D:8      | Found a basalt altar of Yredelemnul.
 10000 | D:9      | Found a staircase to the Lair.
 10000 | D:9      | Reached * piety under the Shining One
 10003 | D:9      | Noticed a two-headed ogre
 10197 | D:8      | Killed a two-headed ogre
 10197 | D:8      | Reached skill level 10 in Maces & Flails
 10360 | D:9      | Reached skill level 12 in Fighting
 10581 | D:9      | Noticed a centaur warrior
 10589 | D:9      | Killed a centaur warrior
 10694 | D:9      | Found a shattered altar of Ashenzari.
 10777 | D:9      | Found a shadowy altar of Dithmenos.
 10795 | D:9      | Identified a scroll of acquirement
 10796 | D:9      | Found the +10 large shield of Ignorance {rN+ Int-4}
 10810 | D:9      | Noticed a two-headed ogre
 10820 | D:9      | Killed a two-headed ogre
 11229 | D:10     | Entered Level 10 of the Dungeon
 11254 | D:10     | Got a steaming hat
 11265 | D:10     | Identified the +0 hat of Hix Zorche {Regen+ Str+3 Int-4} (You acquired it on level 10 of the Dungeon)
 11315 | D:10     | Reached ** piety under the Shining One
 11676 | D:10     | Reached skill level 5 in Shields
 11789 | D:10     | Reached skill level 1 in Armour
 11876 | D:10     | Noticed Gorglomux's ghost (novice GrFi)
 11886 | D:10     | Killed Gorglomux's ghost
 11886 | D:10     | Reached XP level 12. HP: 123/132 MP: 14/14
 11945 | D:10     | Noticed Joseph
 11946 | D:10     | Found Baipiy's Antique Armour Shop.
 11956 | D:10     | Killed Joseph
 12337 | D:11     | Noticed Fannar
 12354 | D:11     | Killed Fannar
 12416 | D:11     | Found a labyrinth entrance.
 12432 | Lab      | Entered a labyrinth
 13070 | Lab      | Noticed a minotaur
 13084 | Lab      | Killed a minotaur
 13194 | D:11     | Noticed Josephine
 13197 | D:11     | Reached *** piety under the Shining One
 13208 | D:11     | Killed Josephine
 13363 | D:11     | Noticed Saeniel's ghost (journeyman GrEE)
 13393 | D:10     | Reached skill level 5 in Armour
 13471 | D:11     | Killed Saeniel's ghost
 13726 | D:11     | Got a slimy flail
 13737 | D:11     | Identified the cursed +1 flail "Veudeuty" {crush, rElec rN+ Stlth+} (You found it on level 11 of the Dungeon)
 13785 | D:11     | Found a shadowy altar of Dithmenos.
 14081 | D:12     | Noticed a two-headed ogre
 14087 | D:12     | Killed a two-headed ogre
 14087 | D:12     | Reached XP level 13. HP: 132/141 MP: 15/15
 14180 | D:12     | Reached **** piety under the Shining One
 14334 | D:12     | Reached skill level 13 in Fighting
 14493 | D:12     | Learned a level 2 spell: Blink
 14708 | D:12     | Found a staircase to the Orcish Mines.
 14801 | D:12     | Found a roughly hewn altar of Beogh.
 14950 | Lair:1   | Entered Level 1 of the Lair of Beasts
 15204 | Lair:1   | Got a crude jade ring
 15214 | Lair:1   | Noticed azzavlup's ghost (novice DsAK)
 15232 | Lair:1   | Killed azzavlup's ghost
 16114 | Lair:2   | Identified the ring of Hepliaklqana's Anger {Int+2 Dex+3} (You found it on level 1 of the Lair of Beasts)
 16173 | Lair:2   | Reached skill level 10 in Shields
 16654 | Lair:2   | Found a staircase to the Snake Pit.
 16677 | Lair:3   | Noticed Urug
 16691 | Lair:3   | Killed Urug
 16813 | Lair:3   | Reached XP level 14. HP: 149/154 MP: 18/18
 16820 | Lair:3   | Reached ***** piety under the Shining One
 16838 | Lair:3   | Reached skill level 14 in Fighting
 17503 | Lair:4   | Found a staircase to the Shoals.
 18644 | Lair:5   | Lost mutation: You are partially covered in molten scales. (AC +2) [potion of mutation]
 18644 | Lair:5   | Lost mutation: Your magical capacity is low. (-10% MP) [potion of mutation]
 18644 | Lair:5   | Lost mutation: Your body sometimes deteriorates upon taking damage. [potion of mutation]
 18644 | Lair:5   | Lost mutation: You do not regenerate when monsters are visible. [potion of mutation]
 18644 | Lair:5   | Gained mutation: You are partially covered in large bone plates. (SH +4) [potion of mutation]
 18644 | Lair:5   | Gained mutation: Scrolls take you a little longer to read. [potion of mutation]
 18644 | Lair:5   | Gained mutation: Your natural rate of healing is unusually fast. [potion of mutation]
 18644 | Lair:5   | Gained mutation: Your mind is acute. (Int +2) [potion of mutation]
 19319 | Lair:5   | Got a crude brass ring
 19330 | Lair:6   | Entered Level 6 of the Lair of Beasts
 19437 | Lair:6   | Found a staircase to the Slime Pits.
 19774 | Lair:6   | Noticed Nessos
 19798 | Lair:6   | Killed Nessos
 19907 | Lair:6   | Paralysed by a hornet for 2 turns
 20069 | Lair:6   | Reached skill level 15 in Fighting
 20129 | Lair:6   | Reached skill level 10 in Invocations
 20312 | Lair:6   | Reached XP level 15. HP: 167/167 MP: 22/22
 20356 | Lair:6   | Found a runed door.
 20737 | Lair:6   | Identified the ring "Juekemio" {Int+5 Stlth-} (You found it on level 5 of the Lair of Beasts)
 21249 | Orc:1    | Entered Level 1 of the Orcish Mines
 21271 | Orc:1    | Found a roughly hewn altar of Beogh.
 21424 | Orc:1    | Found a runed door.
 21447 | Orc:1    | Found a runed door.
 21454 | Orc:1    | Noticed an orc warlord
 21481 | Orc:1    | Noticed Maurice
 21637 | Orc:1    | Killed Maurice
 21700 | Orc:1    | Lost intelligence.
 21797 | Orc:1    | Lost intelligence.
 22128 | Orc:1    | Got a steaming large shield
 22139 | Orc:1    | Identified the +7 large shield "Yczah" {Str+6} (You found it on level 1 of the Orcish Mines)
 22266 | Orc:2    | Entered Level 2 of the Orcish Mines
 22365 | Orc:2    | Found Saadd's Food Boutique.
 22367 | Orc:2    | Found a staircase to the Elven Halls.
 22574 | Orc:2    | Found Zaggics's Magic Scroll Shoppe.
 22583 | Orc:2    | Bought a scroll of teleportation for 42 gold pieces
 22583 | Orc:2    | Bought a scroll of teleportation for 42 gold pieces
 22583 | Orc:2    | Bought a scroll of blinking for 105 gold pieces
 22583 | Orc:2    | Bought a scroll of blinking for 105 gold pieces
 22583 | Orc:2    | Bought a scroll of teleportation for 42 gold pieces
 22583 | Orc:2    | Bought a scroll of identify for 28 gold pieces
 22594 | Orc:2    | Found Mopsul's Antique Armour Emporium.
 22595 | Orc:2    | Paralysed by an ogre mage for 2 turns
 22634 | Orc:2    | Found an ancient bone altar of Kikubaaqudgha.
 22645 | Orc:2    | Paralysed by an orc sorcerer for 4 turns
 22667 | Orc:2    | Noticed Erolcha
 22677 | Orc:2    | Killed Erolcha
 22677 | Orc:2    | Reached skill level 16 in Fighting
 22695 | Orc:2    | Found a radiant altar of Vehumet.
 22722 | Orc:2    | Found a roughly hewn altar of Beogh.
 22722 | Orc:2    | Found Vorhacoe's Gadget Emporium.
 22744 | Orc:2    | Found Qetemyxa's Distillery.
 22764 | Orc:2    | Bought a potion of heal wounds for 65 gold pieces
 22926 | Orc:2    | Reached skill level 5 in Throwing
 23169 | Orc:2    | Bought jewelled storm dragon scales for 1615 gold pieces
 23180 | Orc:2    | Identified the cursed +1 storm dragon scales of Otogeluj {-Tele rElec rN+ rCorr Stlth+} (You bought it in a shop on level 2 of the Orcish Mines)
 23386 | D:13     | Noticed Rupert
 23397 | D:13     | Killed Rupert
 23650 | D:13     | Noticed Frances
 23661 | D:13     | Killed Frances
 23861 | D:13     | Found a gate to the Vaults.
 24109 | D:14     | Reached XP level 16. HP: 180/180 MP: 18/24
 24122 | D:14     | Found a frozen archway.
 24158 | IceCv    | Entered an ice cave
 24186 | IceCv    | Found a transporter.
 24223 | IceCv    | Found a transporter.
 24942 | D:15     | Entered Level 15 of the Dungeon
 25051 | D:15     | Found a snail-covered altar of Cheibriados.
 25052 | D:15     | Found a glowing golden altar of the Shining One.
 25052 | D:15     | Found a stormy altar of Qazlal.
 25076 | D:15     | Reached skill level 1 in Spellcasting
 25118 | D:15     | Reached skill level 1 in Translocations
 25337 | D:15     | Found a staircase to the Depths.
 25579 | D:15     | Reached ****** piety under the Shining One
 25695 | D:15     | Noticed a tengu reaver
 25711 | D:15     | Killed a tengu reaver
 25811 | D:15     | Found the +2 shield of Resistance {rF+ rC+ MR+}
 26098 | D:15     | Reached skill level 5 in Spellcasting
 26267 | D:15     | Noticed a sphinx
 26274 | D:15     | Killed a sphinx
 26279 | D:15     | Reached XP level 17. HP: 172/189 MP: 26/26
 26721 | Shoals:1 | Entered Level 1 of the Shoals
 27080 | Shoals:1 | Reached skill level 17 in Fighting
 28277 | Shoals:3 | Reached skill level 10 in Throwing
 28370 | Shoals:3 | Killed from afar by a water nymph

Vault maps used:
D:1:      minmay_arrival_radiant_lines
D:2:      nicolae_overflow_crystal_walls, first_ration, cheibriados_altar_1
D:3:      nicolae_overflow_hidden_temple, minivault_4
D:4:      cheibrodos_sewer_entry_drain, uniq_natasha, uniq_robin, uniq_sigmund
D:5:      minmay_temple_entry_butterflies, serial_shops, shop, uniq_pikel,
          uniq_eustachio
D:6:      gammafunk_temple_overflow_claw,
          chequers_temple_overflow_statue_of_worship, uniq_grinder, uniq_edmund
D:7:      basic_altar, kennysheep_generic_room_10
D:8:      elyvilon_altar_4, kennysheep_little_box, grunt_livestock, uniq_psyche,
          uniq_grum, uniq_gastronok
D:9:      marbit_many_paths, erik_lair_orcish_takeover, basic_altar
D:10:     serial_shops, nicolae_shop_trees, kennysheep_generic_room_6,
          uniq_joseph
D:11:     minmay_diamond_stairs, lab_entry_generic,
          grunt_dithmenos_smoke_and_mirrors, uniq_josephine, uniq_fannar
D:12:     minmay_orc_entry_temple_small, dk_noncrumbling_4, minmay_the_grid_2x2
D:13:     david_vaults_1, uniq_rupert, uniq_frances
D:14:     serial_bayou_pond_e, portal_ice_cave_entry_ice_beasts
D:15:     hangedman_slaughterboxes
Temple:   hc_temple_tempest_star
Lair:1:   grunt_megastairs_1
Lair:2:   minmay_snake_entry_guardpost_medium
Lair:3:   serial_bayou_pond_a, uniq_urug
Lair:4:   elwin_shoals_entry_rooms
Lair:5:   minmay_lindwurm_lava
Lair:6:   hangedman_lair_caniforms_friends, wormcave, slime_dummy, uniq_nessos
Shoals:1: st_cyclops
Shoals:2: ldierk_geyser, nicolae_shoals_drake_roost
Orc:1:    basic_altar, chequers_guarded_unrand_ignorance, uniq_maurice
Orc:2:    kennysheep_orc_mage_school, serial_shops, shop
Lab:      labyrinth_hidden_loot
Sewer:    sewer_co_scattered_pipes
IceCv:    ice_cave_statue_garden_transporter

Skill      XL: |  1  2  3  4  5  6  7  8  9 10 11 12 13 14 15 16 17 |
---------------+----------------------------------------------------+-----
Fighting       | 3 4 5 6 8 9 11 12 13 15 16 17 | 17.4
Maces & Flails | 3 4 5 6 8 9 10 11 12 13 | 13.2
Dodging        | 3 5 |  5.6
Evocations     | 4 5 |  5.3
Invocations    | 3 5 8 10 11 12 13 | 13.6
Throwing       | 3 6 9 10 | 10.0
Shields        | 6 8 10 11 12 | 12.2
Armour         | 1 5 |  5.8
Spellcasting   | 5 |  5.1
Translocations | 4 |  4.2

Action                   |  1- 3 |  4- 6 |  7- 9 | 10-12 | 13-15 | 16-18 || total
-------------------------+-------+-------+-------+-------+-------+-------++-------
Melee: Flail             |   114 |   232 |     4 |       |       |       ||   350
       Morningstar       |       |       |   299 |   575 |  1386 |   607 ||  2867
Throw: Throwing net      |     3 |     2 |     1 |     2 |       |     1 ||     9
       Large rock        |       |       |       |       |     9 |    54 ||    63
Invok: Divine Shield     |       |       |       |     4 |    15 |     5 ||    24
       Cleansing Flame   |       |       |       |       |    12 |    11 ||    23
       Summon Divine War |       |       |       |       |     2 |       ||     2
 Abil: Evoke Berserk Rag |       |       |     2 |     2 |     1 |     4 ||     9
Evoke: Wand              |       |       |       |       |    12 |       ||    12
  Use: Scroll            |     4 |     9 |     9 |    14 |    17 |     6 ||    59
       Potion            |     3 |     3 |     6 |       |    11 |       ||    23
 Stab: Sleeping          |     2 |       |     3 |       |       |       ||     5
       Held in net/web   |       |       |     1 |       |       |       ||     1
  Eat: Chunk             |     1 |     4 |     7 |    12 |    20 |    18 ||    62
       Ration            |       |     2 |     2 |     3 |     6 |       ||    13
Armor: Robe              |    49 |    41 |    54 |    52 |       |       ||   196
       Troll leather arm |       |       |       |    25 |   273 |    47 ||   345
Dodge: Dodged            |    93 |   239 |   250 |   342 |   461 |   186 ||  1571
Block: Large shield      |       |       |       |   420 |  2002 |   892 ||  3314

Table legend:
 A = Spawn XP
 B = Non-spawn XP
 C = Spawn XP percentage of total XP
 D = Spawn monster count
 E = Non-spawn monster count
 F = Spawn count percentage of total count
 G = Total turns spent on level
                    A         B        C        D         E        F      G
               +---------+---------+-------+---------+---------+-------+---------
         Total |       0 |  214773 |   0.0 |       0 |     959 |   0.0 | 28370
               +---------+---------+-------+---------+---------+-------+---------
           D:1 |       0 |      29 |   0.0 |       0 |      18 |   0.0 |   609
           D:2 |       0 |      93 |   0.0 |       0 |      28 |   0.0 |  1641
           D:3 |       0 |     223 |   0.0 |       0 |      22 |   0.0 |   945
           D:4 |       0 |     895 |   0.0 |       0 |      40 |   0.0 |  1429
           D:5 |       0 |    1450 |   0.0 |       0 |      22 |   0.0 |  1533
           D:6 |       0 |    1146 |   0.0 |       0 |      14 |   0.0 |   688
           D:7 |       0 |     615 |   0.0 |       0 |      19 |   0.0 |   747
           D:8 |       0 |    6989 |   0.0 |       0 |      46 |   0.0 |  1963
           D:9 |       0 |    3007 |   0.0 |       0 |      27 |   0.0 |   986
          D:10 |       0 |    5855 |   0.0 |       0 |      41 |   0.0 |  1150
          D:11 |       0 |    8732 |   0.0 |       0 |      41 |   0.0 |  1058
          D:12 |       0 |   10356 |   0.0 |       0 |      47 |   0.0 |   860
          D:13 |       0 |   13883 |   0.0 |       0 |      34 |   0.0 |   829
          D:14 |       0 |    7585 |   0.0 |       0 |      37 |   0.0 |   753
          D:15 |       0 |   45936 |   0.0 |       0 |      86 |   0.0 |  1566
        Lair:1 |       0 |    6841 |   0.0 |       0 |      26 |   0.0 |  1090
        Lair:2 |       0 |    4818 |   0.0 |       0 |      25 |   0.0 |   708
        Lair:3 |       0 |    4486 |   0.0 |       0 |      13 |   0.0 |   744
        Lair:4 |       0 |    9935 |   0.0 |       0 |      34 |   0.0 |  1438
        Lair:5 |       0 |    6928 |   0.0 |       0 |      16 |   0.0 |  1033
        Lair:6 |       0 |   24446 |   0.0 |       0 |     100 |   0.0 |  1628
      Shoals:1 |       0 |   10163 |   0.0 |       0 |      22 |   0.0 |   585
      Shoals:2 |       0 |    9623 |   0.0 |       0 |      25 |   0.0 |   625
      Shoals:3 |       0 |    6619 |   0.0 |       0 |      13 |   0.0 |   118
         Orc:1 |       0 |    5695 |   0.0 |       0 |      49 |   0.0 |  1030
         Orc:2 |       0 |   13540 |   0.0 |       0 |      82 |   0.0 |   990
           Lab |       0 |    2038 |   0.0 |       0 |       3 |   0.0 |   718
         Sewer |       0 |      77 |   0.0 |       0 |      19 |   0.0 |   561
         IceCv |       0 |    2770 |   0.0 |       0 |      10 |   0.0 |   149
               +---------+---------+-------+---------+---------+-------+---------
